[Event "15th Chennai GM Open 2025"]
[Site "Chennai"]
[Date "2025.01.08"]
[Round "9.6"]
[White "Sammed Jaykumar, Shete"]
[Black "Manish Anto Cristiano F"]
[Result "1-0"]
[ECO "C54"]
[WhiteElo "2379"]
[BlackElo "2328"]
[Annotator "TA"]
[PlyCount "55"]
[EventDate "2025.01.02"]
[EventType "swiss"]
[EventCountry "IND"]
[SourceTitle "playchess.com"]
[Source "ChessBase"]
[SourceQuality "1"]
[TimeControl "5400+30"]

1. e4 e5 2. Nf3 Nc6 3. Bc4 Bc5 4. c3 Nf6 5. d3 O-O 6. Bb3 d6 7. h3 a5 8. O-O h6 9. Re1 Ba7 10. Nbd2 Be6 11. Bc2 Ne7 12. Nf1 Ng6 13. Ng3 c5 14. Be3 d5 15. d4 Nxe4 16. Nxe4 dxe4 17. Nxe5 cxd4 18. Bxd4 Nxe5 19. Bxe5 e3 20. fxe3 Qg5 21. Bd4 Bxh3 22. Qf3 Bg4 23. Qxb7 {[%emt 0:20:57] [#]} Bb8 $1 24. Qe4 {[%emt 0:02:14] [#]} (24. Qxa8 Bh2+ 25. Kxh2 Rxa8 $17) 24... g6 $1 {[%emt 0:05:55] and ...Bg3 would now be decisive} 25. Rf1 $1 $40 {[%emt 0:00:41][%cal Of1f7][%mdl 128] and Rxf7! should not be overlooked Black needs to defend precisely.} ({But not} 25. Qxa8 Bh2+ 26. Kxh2 Rxa8 $17) 25... Bg3 $2 {[%emt 0:02:53][%mdl 8192] [#]} (25... Qh5 $11 26. Rf4 Bf5 (26... Bxf4 27. Qxf4 Qg5 28. Qxg5 $14)) 26. Rxf7 $3 Rxf7 (26... Ra7 27. Rxf8+) 27. Qxa8+ Rf8 28. Bb3+ 1-0

[Event "15th Chennai GM Open 2025"]
[Site "Chennai"]
[Date "2025.01.08"]
[Round "9.7"]
[White "Sanket Chakravarty"]
[Black "Ajay Santhosh Parvathareddy"]
[Result "0-1"]
[ECO "C10"]
[WhiteElo "2374"]
[BlackElo "2292"]
[Annotator "TA"]
[PlyCount "156"]
[EventDate "2025.01.02"]
[EventType "swiss"]
[EventCountry "IND"]
[SourceTitle "playchess.com"]
[Source "ChessBase"]
[SourceQuality "1"]
[TimeControl "5400+30"]

1. Nc3 d5 2. d4 Nf6 3. Nf3 e6 4. Bg5 Nbd7 5. e4 dxe4 6. Nxe4 Be7 7. Nxf6+ Bxf6 8. Bxf6 Nxf6 9. Bd3 O-O 10. O-O b6 11. Qe2 Bb7 12. Rad1 Qe7 13. Ba6 Bxa6 14. Qxa6 c5 15. Rfe1 Rfd8 16. Qa3 Qd6 17. Qa4 Qf4 18. Qc6 Rdc8 19. Qb7 Qc7 20. Qxc7 Rxc7 21. c4 cxd4 22. Rxd4 Rd7 23. Rxd7 Nxd7 24. Rd1 Nf6 25. Ne5 Kf8 26. b4 Ke8 27. b5 a6 28. a4 Ne4 29. f4 Nc5 30. Nc6 (30. Rd6 $11 {remains equal.} axb5 (30... Nxa4 31. bxa6 Rxa6 32. Rc6 $11) 31. cxb5) 30... f6 $17 (30... Nxa4 $2 31. bxa6 Nc5 32. a7 $18) 31. a5 (31. Kf2 $15) 31... bxa5 $1 $17 32. b6 a4 33. f5 (33. Kf2 $17) 33... Rc8 $1 $19 (33... exf5 34. Rd5 Nb7 35. Na5 Nxa5 36. Rxa5 $17) 34. Na5 exf5 35. Rd5 Nb3 (35... Rb8 $1 $19 {[%cal Rb8b6] White must now prevent ...Rxb6!.} 36. Rxc5 Rxb6 37. Rxf5 a3) 36. Rxf5 {[%emt 0:02:32] [#]} (36. Nxb3 $17 {might work better.} axb3 37. Rd3) 36... Rb8 $1 $19 37. b7 {[%emt 0:00:02] [#]} Kd7 $1 38. Kf2 Kc7 39. Ke1 $2 (39. Rd5 {is a better chance.}) 39... Re8+ $19 (39... g6 40. Rd5 $11) 40. Kd1 Rd8+ 41. Ke1 g6 42. Rxf6 Nxa5 43. Rxa6 Nxc4 ({Worse is} 43... Kxb7 44. Rxa5 Re8+ 45. Kd2 $11) 44. Ra8 Rb8 45. Rxa4 Nd6 46. Rh4 Rh8 (46... Kxb7 47. Rxh7+ Kc6 48. h4 $17) 47. Ke2 Kxb7 48. Kf3 Kc6 49. Kf4 Nf7 50. Rh3 Kd7 51. Ra3 Ke7 52. h4 Rb8 53. Ra4 Kf6 54. g4 Rb5 55. Rc4 (55. Ra6+ $142 Kg7 56. Kg3) 55... h6 $19 56. Rc6+ Kg7 57. Rc7 g5+ 58. hxg5 hxg5+ 59. Ke4 Rb4+ 60. Kf3 Kf6 61. Rc6+ Ke5 62. Rg6 Rb3+ 63. Kg2 Rb5 (63... Rd3 $142 64. Kh2 Rd6 65. Rg7 Kf6 66. Rh7 Kg6 67. Rh3 Rd2+ 68. Kh1 Rd4 69. Kh2 Rxg4 70. Rc3 Kh5 71. Kh3 Rf4 72. Rc5 Nd6 73. Kg2 Kh4 74. Rc3 g4 75. Re3 Ra4 76. Re6 Nf5 77. Re2 g3 78. Re8 Ra2+ 79. Kf1 Kg4 80. Rf8 Ne3+ 81. Ke1 g2 82. Rg8+ Kf3 83. Rg3+ Ke4 84. Rg6 Kd3 85. Rxg2 Nxg2+ 86. Kf1 Ke4 87. Kg1 Kf3 88. Kh2 Ra1 89. Kh3 Rh1#) 64. Kg3 Rd5 65. Rg7 Kf6 66. Rg8 Rd3+ 67. Kg2 Nh6 68. Rf8+ Kg6 69. Ra8 Nxg4 70. Ra2 Rc3 71. Ra6+ Kh5 72. Ra8 Ne5 73. Ra2 Kh4 74. Re2 Nc4 75. Kh2 g4 76. Ra2 g3+ 77. Kg1 Rc1+ 78. Kg2 Rc2+ 0-1

[Event "15th Chennai GM Open 2025"]
[Site "Chennai"]
[Date "2025.01.08"]
[Round "9.9"]
[White "Madhvendra Pratap Sharma"]
[Black "Fedorov, Alexei"]
[Result "1/2-1/2"]
[ECO "B40"]
[WhiteElo "2281"]
[BlackElo "2409"]
[Annotator "TA"]
[PlyCount "101"]
[EventDate "2025.01.02"]
[EventType "swiss"]
[EventCountry "IND"]
[SourceTitle "playchess.com"]
[Source "ChessBase"]
[SourceQuality "1"]
[TimeControl "5400+30"]

1. e4 c5 2. Nf3 e6 3. b3 a6 4. Bb2 d5 5. exd5 exd5 6. Qe2+ Be6 7. g3 Nc6 8. d3 h6 9. Bh3 Qe7 10. Bxe6 Qxe6 11. Qxe6+ fxe6 12. Nbd2 Nf6 13. Ne5 Nxe5 14. Bxe5 Kd7 15. Bb2 Bd6 16. O-O Rhf8 17. f4 Rf7 18. Rae1 Raf8 19. Be5 g5 20. Nf3 gxf4 21. Bxd6 Kxd6 22. Ne5 (22. gxf4 $2 Nh5 23. Kh1 Rxf4 $19 (23... Nxf4 $2 24. Nd2 $19)) 22... Rg7 23. Rxf4 Nd7 (23... Rg5 {is interesting.} 24. b4 cxb4 25. Nf3 Rg4) 24. Rxf8 Nxf8 $11 {[%emt 0:00:03][%mdl 4096] Endgame. KRN-KRN} 25. Kg2 Ng6 26. Nxg6 Rxg6 {[%emt 0:00:04] KR-KR} 27. h3 b5 28. g4 b4 29. Kg3 a5 30. h4 Rg8 31. Rf1 Ke7 {[%emt 0:06:50] Inhibits Rf6.} 32. g5 hxg5 33. h5 g4 (33... e5 $11) 34. h6 {[%emt 0:00:19] [#] And now Rh1 would win.} Rh8 35. Rh1 {[%emt 0:00:03][%cal Oh6h7] Hoping for h7!} Kf6 36. Kxg4 {[%emt 0:00:31] Strongly threatening h7.} Rg8+ 37. Kf3 {[%emt 0:00:38] Threatens to win with h7.} Rf8 38. Kg4 (38. Kf4 $14) 38... Kg6 {[%emt 0:07:02] The position is equal.} 39. h7 Kg7 ({Avoid the trap} 39... Rh8 $2 40. Kf4 (40. Re1 c4 $14) 40... Kf6 (40... Rxh7 41. Rxh7 Kxh7 42. Ke5 $18) 41. Rh2 $18) 40. Kg3 Kh8 41. Rh6 Rf1 42. Rxe6 Rc1 (42... c4 {simplifies} 43. bxc4 dxc4 44. dxc4 Kxh7 45. Re5 Kg6) 43. Ra6 Rxc2 44. Rxa5 c4 45. bxc4 dxc4 46. dxc4 Rxc4 47. Kf2 Kxh7 48. Ke3 b3 49. Kd3 Rb4 {[%emt 0:00:07] [#] ( -> ...b2)} 50. axb3 Rxb3+ 51. Ke4 {[%emt 0:00:02] Weighted Error Value: White=0.05 (flawless) /Black=0.06 (flawless) .  Mistake:       	White=1     	Black=1      Inaccurate:     	---       	Black=1      OK:         	White=17    	Black=19     Best:        	White=4     	Black=5} 1/2-1/2

[Event "15th Chennai GM Open 2025"]
[Site "Chennai"]
[Date "2025.01.08"]
[Round "9.10"]
[White "Kaustuv, Kundu"]
[Black "Mahindrakar Indrajeet"]
[Result "1-0"]
[ECO "E62"]
[WhiteElo "2409"]
[BlackElo "2098"]
[Annotator "TA"]
[PlyCount "119"]
[EventDate "2025.01.02"]
[EventType "swiss"]
[EventCountry "IND"]
[SourceTitle "playchess.com"]
[Source "ChessBase"]
[SourceQuality "1"]
[TimeControl "5400+30"]

1. Nf3 Nf6 2. c4 Nc6 3. d4 e6 4. g3 d6 5. Bg2 g6 6. O-O Bg7 7. Nc3 O-O 8. e4 a6 9. Re1 Rb8 10. a4 e5 {[%emt 0:20:39] White is slightly better.} 11. d5 Nb4 12. c5 Bg4 13. cxd6 cxd6 14. Be3 Nd7 15. h3 (15. a5 {is interesting.} b6 16. axb6 f5 17. exf5 gxf5 18. h3) 15... Bxf3 16. Bxf3 f5 17. Rf1 f4 18. Bd2 Nc5 19. Kg2 fxg3 20. fxg3 h5 21. h4 Rc8 22. Ne2 (22. Be3 {simplifies} b6 23. Be2 Rxf1 24. Bxf1 Qc7 25. Rc1) 22... a5 23. Ng1 Ncd3 24. Bc3 Qb6 {[%emt 0:00:28][%cal Od3b2] Threatens to win with ...Nxb2!} 25. Qe2 Rc7 (25... Nc5 $15) 26. Rfd1 (26. Nh3 $11 {keeps the balance.} Bf6 27. Qd2) 26... Nc5 $17 {[%emt 0:00:38] Excellent horsemanship.} 27. Ra3 {[%emt 0:04:27] [#] Dodges Nb3} Rcf7 (27... Qa6 $1 $17 28. Re1 Bh6) 28. Be1 (28. Bd2 $1 $11) 28... Qd8 (28... Qa6 $17 29. Qxa6 bxa6) 29. Kh2 Bh6 30. Bg2 Kg7 31. Nf3 Qd7 32. Bh3 {[%emt 0:01:05] Repels Qg4} Qe8 33. Bd2 Bxd2 (33... Nxa4 34. Bxh6+ Kxh6 35. Rd2 $16) (33... Nc2 $1 $15 34. Bxh6+ Kxh6 35. Qxc2 Rxf3 36. Rxf3 Rxf3) 34. Rxd2 $11 Rf6 35. Bg2 b6 36. Ng5 Kg8 37. Qe3 Nba6 38. b3 Nb4 39. Ra1 Qe7 40. Bh3 Rb8 41. Rg1 Qf8 (41... Kg7 $14) 42. Rgg2 {[%emt 0:01:33] [#] Rgf2 is the strong threat.} Qh6 $2 (42... Qe7 $16) 43. Be6+ $18 Kg7 44. Rgf2 {[%emt 0:00:33] Rxf6 would now be deadly.} Rff8 45. Bf7 Rb7 46. Qf3 Kh8 47. Qf6+ Qg7 {[%emt 0:00:01] This costs Black the game.} 48. Qxg6 Qxg6 49. Bxg6 Rxf2+ 50. Rxf2 Nxb3 51. Bxh5 {[%emt 0:01:01] White is clearly winning.} Nd4 52. Nf7+ Kg7 (52... Kg8 $142 53. Nxd6 Ra7 54. Bf7+ Kh7) 53. Nxd6 Rd7 54. Nf5+ (54. Ne8+ $142 Kh6 55. Rf6+ Kh7 56. Rxb6) 54... Nxf5 55. Rxf5 {[%emt 0:00:07] KRB-KRN} b5 56. Be8 ({Weaker is} 56. Rxe5 bxa4 57. Rg5+ (57. Be8 a3 $14) 57... Kh8 $18) 56... Rc7 57. Bxb5 Rc2+ 58. Kh3 Rd2 59. Rxe5 Nc2 60. Rf5 {[%emt 0:00:30] Weighted Error Value: White=0.35/Black=0.30.  Loses game:     	---       	Black=2      Mistake:       	White=2     	Black=6      Inaccurate:     	White=2     	Black=4      OK:         	White=15    	Black=15     Best:        	White=2     	Black=1} 1-0

[Event "15th Chennai GM Open 2025"]
[Site "Chennai"]
[Date "2025.01.08"]
[Round "9.11"]
[White "Jaiswal, Rupesh"]
[Black "Slizhevsky, Alexander"]
[Result "0-1"]
[ECO "B80"]
[WhiteElo "2093"]
[BlackElo "2340"]
[Annotator "TA"]
[PlyCount "84"]
[EventDate "2025.01.02"]
[EventType "swiss"]
[EventCountry "IND"]
[SourceTitle "playchess.com"]
[Source "ChessBase"]
[SourceQuality "1"]
[TimeControl "5400+30"]

1. e4 c5 2. Nf3 d6 3. d4 cxd4 4. Nxd4 Nf6 5. Nc3 e6 6. g3 Be7 7. Bg2 O-O 8. O-O a6 9. a4 Qc7 10. Be3 Nc6 11. Nxc6 bxc6 12. a5 Bb7 13. Bb6 Qb8 14. Re1 c5 15. e5 dxe5 16. Bxb7 Qxb7 17. Rxe5 Nd7 18. Re4 Bf6 (18... Nxb6 {simplifies} 19. axb6 Qxb6 20. b3 Rfd8) 19. Rc4 Bd4 20. Ne2 $2 (20. Na4 $15) 20... Ne5 $19 (20... Bxb2 21. Rb1 Ne5 (21... Nxb6 22. axb6 Bf6 23. Rxc5 $11) 22. Rf4 $17) (20... Nxb6 21. axb6 Bf6 (21... Bxb2 22. Rb1 $11) 22. Qd6 $15) 21. Nxd4 Nxc4 22. Bxc5 Rfd8 23. b4 Qe4 24. Qd3 {[%emt 0:06:35] [#]} Qxd3 $1 25. cxd3 Ne5 26. Kf1 Rac8 ({Better is} 26... Nxd3 $19 27. Nc6 Rd7) 27. Bb6 (27. Rb1 $17) 27... Rd5 28. Ke2 {[%emt 0:09:46] [#]} Nd7 $1 29. Ke3 e5 30. Nb3 Rb5 31. Nc5 Nxb6 32. axb6 Rxb6 {[%emt 0:00:10][%mdl 4096] Endgame KRR-KRN} ({Worse is} 32... Rxb4 33. Rxa6 g5 34. b7 Rxc5 35. Ra8+ Kg7 36. b8=Q Rxb8 37. Rxb8 $11) 33. Nd7 Rxb4 34. Rxa6 f6 35. Nb6 Rd8 {[%emt 0:00:18] Threatens to win with ...Rb3.} 36. Na4 $2 (36. Nc4 {is the only way for White.}) 36... Rb3 37. Nc5 Rc3 38. Rc6 Rd5 39. Rc8+ Kf7 40. Rc7+ Kg6 41. Ne6 Rdxd3+ 42. Ke2 Rxc7 0-1

[Event "15th Chennai GM Open 2025"]
[Site "Chennai"]
[Date "2025.01.08"]
[Round "9.12"]
[White "Karthikeyan, P.."]
[Black "Madhesh Kumar S"]
[Result "1-0"]
[ECO "A11"]
[WhiteElo "2286"]
[BlackElo "2006"]
[Annotator "TA"]
[PlyCount "117"]
[EventDate "2025.01.02"]
[EventType "swiss"]
[EventCountry "IND"]
[SourceTitle "playchess.com"]
[Source "ChessBase"]
[SourceQuality "1"]
[TimeControl "5400+30"]

1. c4 Nf6 2. g3 c6 3. Bg2 d5 4. Nf3 g6 5. b3 Bg7 6. Bb2 O-O 7. O-O Bf5 8. d3 Re8 9. Nbd2 Nbd7 10. Nd4 Bg4 11. h3 e5 12. Nxc6 $1 bxc6 13. hxg4 Bh6 14. Bh3 e4 {[%emt 0:04:28] [#]} (14... a5 $16) 15. cxd5 $1 $18 e3 (15... exd3 $16 16. exd3 (16. dxc6 dxe2 17. cxd7 Qxd7 $19) 16... Nxd5) 16. dxc6 Ne5 17. Bxe5 Rxe5 18. Nc4 exf2+ 19. Rxf2 Be3 20. Nxe5 Qd6 {[%emt 0:05:05] [#]} 21. Kg2 $1 Qxe5 22. Rf3 Nd5 23. g5 Qxg5 $2 (23... Re8 24. Kh2 Bxg5) 24. Qf1 (24. Qc2 $142) 24... Qe7 25. Bd7 h5 26. Kh1 h4 (26... Rf8 {was worth a try.} 27. Qe1 Rd8) 27. Qh3 hxg3 28. Qxg3 Kg7 29. Raf1 f6 30. Qg4 Bg5 $2 (30... Rh8+ 31. Rh3 Rxh3+ 32. Qxh3 Qe5) 31. Qe6 Qc5 32. Be8 Qf8 {[%emt 0:00:44] Inhibits Qf7+.} 33. Bxg6 Nc7 34. Qf5 Qd6 35. Rh3 {[%emt 0:00:45] White threatens Rh7+ and mate.} Qxc6+ 36. Qe4 (36. e4 $142 Qe6 37. Rh7+ Kg8 38. Qf3 (38. Rxc7 Qxf5 39. Bxf5 Re8 $18)) 36... Qxe4+ 37. Bxe4 Rc8 38. Bf5 Rh8 39. Rxh8 Kxh8 {[%emt 0:00:06][%mdl 4096] Endgame KRB-KBN} 40. Kg2 Nb5 41. Rh1+ Kg8 42. Kf2 Nc3 43. a3 Nb5 44. a4 Nd4 45. Be4 a5 46. e3 Nc2 47. Rh3 Kf8 48. d4 Na1 49. Bd5 Ke7 50. Ke2 {[%emt 0:01:26] Strongly threatening Kd3.} Kd6 51. Bc4 Nc2 52. Kd3 Nb4+ 53. Kc3 Ke7 54. Rh7+ Kd6 55. Kd2 Nc6 56. Ke2 f5 57. Rh5 Bf6 58. Rxf5 Bxd4 59. Rd5+ 1-0

[Event "15th Chennai GM Open 2025"]
[Site "Chennai"]
[Date "2025.01.08"]
[Round "9.13"]
[White "Matta, Vinay Kumar"]
[Black "Sathvik Adiga"]
[Result "0-1"]
[ECO "C50"]
[WhiteElo "2091"]
[BlackElo "2395"]
[Annotator "TA"]
[PlyCount "82"]
[EventDate "2025.01.02"]
[EventType "swiss"]
[EventCountry "IND"]
[SourceTitle "playchess.com"]
[Source "ChessBase"]
[SourceQuality "1"]
[TimeControl "5400+30"]

1. e4 e5 2. Bc4 Nf6 3. d3 Nc6 4. Nc3 Bc5 5. Nf3 a6 6. O-O d6 7. h3 h6 8. a3 O-O 9. Be3 Bxe3 10. fxe3 Ne7 11. Nh4 c6 12. Qf3 d5 13. Bb3 Be6 14. Qg3 Nd7 15. Nf5 Bxf5 16. exf5 f6 17. e4 Nc5 (17... Kh8 $11) 18. Ba2 $16 Qd6 19. d4 Nd7 20. Rad1 Kh8 21. Kh1 Rad8 22. exd5 cxd5 23. Bxd5 Qb6 {[%emt 0:02:54] Black is weak on the light squares} 24. Be6 exd4 25. Na4 Qb5 26. Rf4 Nb8 (26... Qxa4 $6 27. Rfxd4 Qxc2 28. R4d2 Nxf5 29. Qf4 $18) 27. b3 (27. Rg4 {seems wilder.} Nxf5 28. Bxf5 Qxf5 29. Rxg7 Qxc2 30. Rd3) 27... Nbc6 28. Qe1 d3 29. cxd3 Rxd3 30. Rxd3 Qxd3 31. Nc5 Qd6 32. Qc1 (32. Nxb7 $2 {too greedy.} Qxf4 33. Bc4 Nxf5 $19) 32... Nd4 33. Nxb7 Qe5 {[%emt 0:00:06][%cal Od4e2] ...Ne2! would now be deadly.} 34. Qd2 $2 (34. Rg4 $11) 34... Nexf5 (34... Ndxf5 $2 35. Bc4 $19) (34... Ne2 $142 {( -> ...Qa1+)} 35. g3 Qa1+ (35... Nxg3+ $2 36. Kg2 $19) 36. Kg2 Qg1+ (36... Nxf4+ $2 37. Qxf4 a5 38. Qd6 $19) 37. Kf3 Qf1+ (37... Nxf4 $2 38. gxf4 Qh1+ 39. Qg2 $19) (37... Nxg3 38. Qf2 $14) (37... Qxg3+ 38. Kxe2 Qg2+ 39. Kd1 $11) 38. Ke3 Nxf4 39. gxf4 Re8 (39... Qxh3+ $2 40. Kf2 $19)) 35. Bxf5 $19 Nxf5 36. Qf2 {[%emt 0:00:22] [#] Inhibits Ng3+.} Rc8 $1 37. Rc4 Ng3+ 38. Qxg3 (38. Kg1 {is the only way for White.} Qa1+ 39. Kh2 Nf1+ 40. Qxf1 Qxf1 41. Rxc8+ Kh7 42. Rc4) 38... Rxc4 39. Qxe5 Rc1+ 40. Kh2 fxe5 41. Nd6 Rc3 0-1

[Event "15th Chennai GM Open 2025"]
[Site "Chennai"]
[Date "2025.01.08"]
[Round "9.14"]
[White "Mehta Naitik R"]
[Black "Nguyen, Duc Hoa"]
[Result "0-1"]
[ECO "B40"]
[WhiteElo "2075"]
[BlackElo "2358"]
[Annotator "TA"]
[PlyCount "66"]
[EventDate "2025.01.02"]
[EventType "swiss"]
[EventCountry "IND"]
[SourceTitle "playchess.com"]
[Source "ChessBase"]
[SourceQuality "1"]
[TimeControl "5400+30"]

1. e4 c5 2. Nf3 e6 3. g3 d5 4. exd5 exd5 5. d4 Nf6 6. Bg2 Be7 7. O-O O-O 8. a3 Nc6 9. dxc5 Bxc5 10. b4 Bb6 11. Bb2 Bg4 12. Qd3 Rc8 13. Nbd2 Qd7 (13... a5 $11) 14. b5 (14. c4 $14) 14... Na5 {[%emt 0:02:39] ...Bf5 would now be deadly.} 15. Ne5 Qc7 16. Nxg4 (16. Bxd5 $2 Qxc2 17. Bxb7 Qxd3 (17... Nxb7 $2 18. Qxc2 Rxc2 19. Ndc4 $19) (17... Qxb2 $2 18. Bxc8 Bxc8 19. Nef3 $19) 18. Nxd3 Nxb7 $19) 16... Nxg4 17. Rac1 $1 (17. Bxd5 $2 Qxc2 18. Qxc2 Rxc2 $19) (17. Qxd5 Nxf2 18. Rxf2 Bxf2+ 19. Kxf2 Rfd8 $17) 17... Rfd8 18. Bh3 {[%emt 0:12:41] A strong pair of Bishops.} (18. Bxd5 Nxf2 (18... Qc5 19. c4 $11) 19. Rxf2 Bxf2+ 20. Kg2 (20. Kxf2 $2 Qc5+ 21. Bd4 Qxd5 $19) 20... Qd7 $17) 18... h5 (18... Nc4 $11 19. Bxg4 Nxb2) 19. Qf5 $14 Nc4 20. Nxc4 (20. Qxh5 $14 Nxf2 (20... Nxd2 $2 21. Bxg4 Nxf1 22. Bf5 $18) 21. Bxc8 Nxb2 22. Bf5) 20... dxc4 (20... g6 $11 21. Qg5 Qxc4 (21... dxc4 $2 {is the wrong capture.} 22. Bxg4 hxg4 23. Bf6 $18)) 21. Bxg7 {[%emt 0:17:13] Qg5 is the strong threat.} Nxf2 (21... Qc5 $14 22. Bxg4 Kxg7 23. Qxh5 Rd2) 22. Rxf2 (22. Kg2 Nxh3 23. Bf6 Rd2+ 24. Kxh3 Qd7 25. Qxd7 Rxd7 26. Rce1) 22... Bxf2+ 23. Qxf2 (23. Kxf2 $14 Qb6+ 24. Kf3 (24. Kg2 Kxg7 25. Qg5+ Qg6 $16) 24... Kxg7 25. Qg5+ Qg6 26. Qxg6+ Kxg6 27. Bxc8 Rxc8 28. Rd1) 23... Kxg7 $11 24. Bxc8 (24. Rf1 {is more complex.} Qc5 25. Bxc8 Rxc8 26. c3) 24... Qxc8 $14 {[%emt 0:00:39][%mdl 4096] Endgame KQR-KQR} 25. Rf1 Qe6 26. Qxa7 b6 27. Qb7 Rd5 28. Rf2 $2 {[%emt 0:00:41][%mdl 8192] [#]} (28. a4 $11) 28... h4 $1 $19 {[%emt 0:01:18] ( -> ...Rd1+)} 29. Qc6 Rd1+ 30. Rf1 Qe3+ 31. Kg2 h3+ 32. Kxh3 Rxf1 33. Qxc4 Qe6+ 0-1

[Event "15th Chennai GM Open 2025"]
[Site "Chennai"]
[Date "2025.01.08"]
[Round "9.15"]
[White "Setumadhav Yellumahanthi"]
[Black "Arshpreet Singh"]
[Result "1-0"]
[ECO "B47"]
[WhiteElo "2334"]
[BlackElo "2073"]
[Annotator "TA"]
[PlyCount "119"]
[EventDate "2025.01.02"]
[EventType "swiss"]
[EventCountry "IND"]
[SourceTitle "playchess.com"]
[Source "ChessBase"]
[SourceQuality "1"]
[TimeControl "5400+30"]

1. e4 c5 2. Nf3 e6 3. d4 cxd4 4. Nxd4 Nc6 5. Nc3 Qc7 6. Be2 a6 7. Nxc6 bxc6 8. Qd3 d5 9. Qg3 Qxg3 10. hxg3 Nf6 11. g4 Nxe4 12. Nxe4 dxe4 13. Be3 e5 14. f3 Be6 15. fxe4 a5 16. a3 f6 17. g5 fxg5 18. Bh5+ Kd7 19. O-O-O+ Kc7 20. Bxg5 Bc5 21. Bh4 Be3+ 22. Kb1 g5 23. Bg3 Bf4 24. Be1 g4 25. g3 Be3 {[%emt 0:06:22] [#]} 26. Rf1 $1 (26. Bc3 Bd4 $18) 26... Rhf8 {[%emt 0:00:40] [#]} (26... Kb7 $142) 27. Bxa5+ $1 $16 Kb7 28. Bc3 Bd4 29. Bxd4 Rxf1 (29... exd4 $16 30. Rf4 (30. Rxf8 Rxf8 31. Kc1 c5 $11) 30... c5 31. Bxg4 Bxg4 (31... Rxf4 $2 32. Bxe6 Rf3 33. Bd5+ Kb8 34. Bxa8 $18) 32. Rxg4 Rg8) 30. Rxf1 $18 exd4 31. Rf4 Rg8 32. Bf7 Bxf7 33. Rxf7+ Kb6 34. Kc1 Rg5 (34... c5 $142 35. Rxh7 Re8) 35. Kd2 $18 (35. Rxh7 Re5 36. Rg7 Rxe4 $14) 35... Rh5 36. Rg7 Rh2+ 37. Kd3 h5 38. Rg5 (38. Kxd4 Rxc2 39. Rg8 Rg2 $11) 38... Rg2 39. Rxh5 (39. Kxd4 Rxc2 40. e5 (40. Rxh5 Rxb2 41. e5 c5+ 42. Ke4 c4 $16) 40... Rxb2 $16) 39... c5 $2 (39... Rxg3+ {keeps fighting.} 40. Kxd4 Rg2) 40. Rg5 $18 Rxg3+ (40... Kb5 $142 41. Rxg4 Rf2) 41. Kc4 $18 Rg2 42. Rg6+ (42. Rxc5 $2 {is the wrong capture.} Rxc2+ 43. Kxd4 Rxc5 $19) 42... Kc7 43. Kxc5 Rxc2+ 44. Kxd4 Rxb2 (44... Rg2 $142 45. b4 g3) 45. Rg7+ Kb6 46. Rg6+ Kc7 47. Rxg4 Rb3 48. Rg7+ Kb6 49. Rg1 ({Weaker is} 49. Rg6+ Kb7 50. Rg7+ Kb6 $18) 49... Rxa3 50. Rc1 Ra7 51. Kd5 Rd7+ 52. Ke6 Rd2 53. e5 Re2 54. Kf6 Rf2+ 55. Ke7 Re2 56. e6 Kb7 57. Kf7 Rf2+ 58. Ke8 Re2 59. e7 Re3 60. Rc4 1-0

[Event "15th Chennai GM Open 2025"]
[Site "Chennai"]
[Date "2025.01.09"]
[Round "10.1"]
[White "Iniyan, Pa"]
[Black "Deepan Chakkravarthy J."]
[Result "1-0"]
[ECO "D27"]
[WhiteElo "2508"]
[BlackElo "2413"]
[Annotator "TA"]
[PlyCount "77"]
[EventDate "2025.01.02"]
[EventType "swiss"]
[EventCountry "IND"]
[SourceTitle "playchess.com"]
[Source "ChessBase"]
[SourceQuality "1"]
[TimeControl "5400+30"]

1. d4 d5 2. c4 dxc4 3. Nf3 Nf6 4. e3 e6 5. Bxc4 a6 6. O-O c5 7. b3 cxd4 8. Nxd4 Be7 9. Bb2 O-O 10. Nd2 Bd7 11. e4 Nc6 12. N4f3 b5 13. Bd3 Bc8 14. Qe2 Nb4 15. Bb1 Bb7 16. a3 Nc6 17. e5 Nd5 18. Qe4 g6 19. Qg4 $36 {[%emt 0:00:28][%mdl 2048] White has good play.} b4 (19... Na5 $11 {remains equal.}) 20. Ne4 ({White should play} 20. axb4 $1 $16 Rb8 21. Ne4) 20... bxa3 21. Bxa3 Bxa3 22. Rxa3 Qe7 23. Ra4 Rad8 24. h4 h5 (24... Kg7 $11) 25. Qg3 $16 Kg7 {[%emt 0:00:02] [#]} 26. Re1 $1 Nb6 {[%emt 0:06:57] [#]} (26... Rb8 $16 27. Nd6 Nc3) 27. Nf6 $1 $18 Nxa4 $2 (27... Rh8 {was necessary.}) 28. Nxh5+ Kh8 29. Nf6 Nxe5 (29... Nc3 30. h5 Nxe5 31. Qg5 (31. Qxe5 Ne2+ 32. Kf1 Qd6 $18) 31... Nxf3+ 32. gxf3 $18) 30. Qxe5 {[%emt 0:00:45] Strongly threatening Qg5.} Qc5 (30... Bxf3 $142 31. Qg5 (31. bxa4 Qd6 $18) (31. gxf3 Qc5 $16) (31. Nd5+ f6 $16) 31... Kg7 32. Nh5+ (32. gxf3 Qxf6 33. Qxf6+ Kxf6 $19) 32... Bxh5 33. Qxe7 Nc3) 31. Qf4 Kg7 32. Ne5 (32. bxa4 Bxf3 33. gxf3 (33. Qxf3 Qb4 $14) 33... Qc3 $16) 32... Qe7 33. Neg4 {[%emt 0:00:23] A dynamic duo of knights.} Rh8 {[%emt 0:00:38] Prevents Qh6+} 34. Qe5 {[%emt 0:00:05] White wants to mate with Ne8+.} ({Weaker is} 34. Qxa4 Qc5 $16) 34... Rxh4 35. Nd5+ (35. Nh5+ $142 Kh7 36. Qg7#) 35... f6 36. Ngxf6 (36. Nxe7 $2 fxe5 37. f3 Rxg4 38. fxg4 Nc3 39. Bxg6 Rd7 (39... Kf6 $2 40. Rf1+ Kg5 41. Bh5 $19) 40. Rxe5 Kf6 $19 (40... Rxe7 $2 41. Bd3 $19)) 36... Qf7 37. Ne4+ (37. Qxe6 $2 {loses.} Bxd5 38. Nxd5 Qxe6 (38... Rxd5 $2 39. Qxf7+ Kxf7 40. g3 $19) 39. Rxe6 Rxd5 $19) 37... Kf8 38. Ng5 Rxd5 39. Qb8+ 1-0

[Event "15th Chennai GM Open 2025"]
[Site "Chennai"]
[Date "2025.01.09"]
[Round "10.2"]
[White "Sammed Jaykumar, Shete"]
[Black "Aronyak Ghosh"]
[Result "1/2-1/2"]
[ECO "D20"]
[WhiteElo "2379"]
[BlackElo "2544"]
[Annotator "TA"]
[PlyCount "25"]
[EventDate "2025.01.02"]
[EventType "swiss"]
[EventCountry "IND"]
[SourceTitle "playchess.com"]
[Source "ChessBase"]
[SourceQuality "1"]
[TimeControl "5400+30"]

1. d4 d5 2. c4 dxc4 3. e4 Nf6 4. e5 Nd5 5. Bxc4 Nb6 6. Bb3 Nc6 7. Nf3 Bg4 8. Ng5 Bxd1 9. Bxf7+ Kd7 10. Be6+ Ke8 11. Bf7+ Kd7 12. Be6+ Ke8 13. Bf7+ 1/2-1/2